 Dungeon Crawl Stone Soup version 0.31-a0-836-g3ceb0a6 (webtiles) character file.

Game seed: 17231498109398411301

213819 BarneyGumball the Devastator (level 18, -3/139 HPs)
             Began as an Octopode Earth Elementalist on Sept 25, 2023.
             Was the Champion of Vehumet.
             Slain by an orc warlord
             ... wielding a +0 bardiche
              (23 damage)
             ... on level 2 of the Vaults on Sept 26, 2023.
             The game lasted 04:02:55 (54775 turns).

BarneyGumball the Devastator (OpEE)                Turns: 54775, Time: 04:02:55

Health: -3/139     AC: 12    Str: 17    XL:     18   Next: 97%
Magic:  14/35      EV: 18    Int: 35    God:    Vehumet [******]
Gold:   889        SH:  0    Dex: 14    Spells: 5/44 levels left

rFire   + . .        A - melded +2 short sword (elec)
rCold   + + .        (shield currently unavailable)
rNeg    . . .        (helmet currently unavailable)
rPois   +            a - amulet "Evviytzo" {Faith rC+ Str+4}
rElec   .            f - +5 ring of evasion
rCorr   .            k - +6 ring of intelligence
SInv    .            g - ring of willpower
Will    ++...        v - ring of protection from fire
Stlth   +++          m - +6 ring of intelligence
HPRegen 0.43/turn    j - ring of poison resistance
MPRegen 0.24/turn    n - ring of wizardry
                     N - ring of protection from cold

%: faith, wizardry (x1)
@: snake-form
A: constrict, boosted hp, almost no armour, amphibious, 8 rings, large,
(camouflage 1), (gelatinous body 1), (nimble swimmer 1), (tentacles)
}: 1/15 runes: decaying
a: Begin Untransformation, Renounce Religion


You were on level 2 of the Vaults.
You worshipped Vehumet.
Vehumet was exalted by your worship.
You were an enormous anaconda.
You visited 7 branches of the dungeon, and saw 34 of its levels.
You also visited: Gauntlet.

You collected 3450 gold pieces.
You spent 2561 gold pieces at shops.

Inventory:

Hand Weapons
 A - a +2 short sword of electrocution (melded)
Missiles
 W - 5 curare-tipped darts
Armour
 c - the +3 hat of Pondering {ponderous, Will+ MP+10 Int+5}
   (You took it off Gastronok on level 12 of the Dungeon)

   Int+5:     It affects your intelligence (+5).
   Will+:     It increases your willpower.
   MP+10:     It affects your magic capacity (+10).
 F - a +2 kite shield
Magical Staves
 J - a staff of death
Jewellery
 a - the amulet "Evviytzo" (around neck) {Faith rC+ Str+4}
   (You bought it in a shop on level 2 of the Orcish Mines)

   [amulet of faith]

   Faith:     It allows you to gain divine favour quickly.
   Str+4:     It affects your strength (+4).
   rC+:       It protects you from cold.
 f - a +5 ring of evasion (left tentacle)
 g - a ring of willpower (on tentacle)
 j - a ring of poison resistance (on tentacle)
 k - a +6 ring of intelligence (right tentacle)
 m - a +6 ring of intelligence (on tentacle)
 n - a ring of wizardry (on tentacle)
 v - a ring of protection from fire (on tentacle)
 y - a ring of resist corrosion
 N - a ring of protection from cold (on tentacle)
 T - an amulet of reflection
 Y - a ring of positive energy
Talismans
 R - a serpent talisman (active)
Wands
 w - a wand of iceblast (32)
 B - a wand of quicksilver (24)
 I - a wand of polymorph (11)
 M - a wand of flame (53)
 O - a wand of mindburst (6)
 U - a wand of charming (15)
 Z - a wand of digging (5)
Scrolls
 b - 3 scrolls of revelation
 d - a scroll of teleportation
 h - 8 scrolls of vulnerability
 p - 7 scrolls of enchant armour
 s - 6 scrolls of fear (quivered) {!r Trove of 7}
 x - 5 scrolls of poison
 C - a scroll of torment
 D - a scroll of brand weapon
 G - a scroll of silence
 K - a scroll of fog
 Q - 2 scrolls of enchant weapon
 S - a scroll of immolation
Potions
 e - 3 potions of curing
 i - 6 potions of mutation
 l - 2 potions of might
 o - 5 potions of attraction
 q - a potion of resistance
 r - 2 potions of enlightenment
 t - 3 potions of berserk rage
 u - 5 potions of lignification
 z - 6 potions of brilliance
 H - 5 potions of haste
 L - a potion of ambrosia
 P - 2 potions of magic
Miscellaneous
 V - a lightning rod (4/4)


   Skills:
 - Level 8.0 Fighting
 - Level 8.0 Dodging
 - Level 4.0 Stealth
 - Level 4.0 Shields
 + Level 13.5 Spellcasting
 + Level 18.7 Conjurations
 - Level 4.0 Hexes
 - Level 5.0 Summonings
 - Level 4.0 Translocations
 - Level 5.0 Transmutations
 + Level 8.7 Air Magic
 - Level 6.0 Earth Magic
 - Level 15.8 Shapeshifting


You had 5 spell levels left.
You knew the following spells:

 Your Spells              Type           Power      Damage    Failure   Level
a - Sandblast             Erth           100%       2d20      1%          1
b - Spellforged Servitor  Conj/Summ      41%        N/A       1%          7
c - Stone Arrow           Conj/Erth      100%       3d13      1%          3
d - Iskenderun's Mystic   Conj/Tloc      80%        2d16      1%          4
e - Freezing Cloud        Conj/Ice/Air   36%        6-21      1%          5
f - Passwall              Tmut/Erth      48%        N/A       1%          2
g - Lehudib's Crystal Sp  Conj/Erth      42%        10d10     8%          8
h - Yara's Violent Unrav  Hex/Tmut       26%        3d11      1%          5
j - Apportation           Tloc           100%       N/A       1%          1
k - Tukima's Dance        Hex            51%        N/A       1%          3

Your spell library contained the following spells:

 Spells                   Type           Power      Damage    Failure   Level
 Chain Lightning          Conj/Air       44%        3d58      47%         9
 Fire Storm               Conj/Fire      36%        8d9       94%         9
 Shatter                  Erth           30%        3d25*     100%        9
 Shock                    Conj/Air       100%       1d9       0%          1
 Static Discharge         Conj/Air       100%       2-7/arc   0%          2
 Iskenderun's Battlesphe  Conj           100%       2d15      0%          5
 Freeze                   Ice            92%        1d9       1%          1
 Slow                     Hex            100%       N/A       1%          1
 Ensorcelled Hibernation  Hex/Ice        74%        N/A       1%          2
 Jinxbite                 Hex            100%       N/A       1%          2
 Confusing Touch          Hex            51%        N/A       1%          3
 Frozen Ramparts          Ice            46%        1d7       1%          3
 Gell's Gravitas          Tloc           51%        N/A       1%          3
 Hailstorm                Conj/Ice       73%        3d15      1%          3
 Mephitic Cloud           Conj/Pois/Air  73%        N/A       1%          3
 Sigil of Binding         Hex            51%        N/A       1%          3
 Swiftness                Air            71%        N/A       1%          3
 Teleport Other           Tloc           51%        N/A       1%          3
 Airstrike                Air            35%        2d(6-22)  1%          4
 Brom's Barrelling Bould  Conj/Erth      84%        2d10      1%          4
 Dimensional Bullseye     Hex/Tloc       25%        N/A       1%          4
 Passage of Golubria      Tloc           51%        N/A       1%          4
 Petrify                  Tmut/Erth      58%        N/A       1%          4
 Summon Lightning Spire   Summ/Air       64%        N/A       1%          4
 Lee's Rapid Deconstruct  Erth           30%        3d16*     1%          5
 Silence                  Hex/Air        31%        N/A       1%          5
 Ozocubu's Armour         Ice            23%        N/A       2%          3
 Vampiric Draining        Necr           23%        2d7       2%          3
 Summon Ice Beast         Ice/Summ       41%        N/A       2%          4
 Alistair's Intoxication  Tmut/Pois      27%        N/A       7%          5
 Metabolic Englaciation   Hex/Ice        18%        N/A       9%          5
 Bombard                  Conj/Erth      42%        9d7       1%          6
 Dispersal                Tloc           25%        N/A       21%         6
 Simulacrum               Ice/Necr       11%        N/A       69%         6
 Animate Armour           Summ/Erth      Unusable   N/A       N/A         4

Dungeon Overview and Level Annotations

Branches:
Dungeon (15/15)            Temple (1/1) D:5            Lair (5/5) D:11
  Swamp (4/4) Lair:2       Spider (4/4) Lair:2        Slime (0/5) Lair:5
    Orc (2/2) D:10            Elf (0/3) Orc:2        Vaults (3/5) D:13
 Depths (0/4) D:15        Gauntlet (visited)
  Crypt: Vaults:2-3

Altars:
Ashenzari
Cheibriados
Dithmenos
Elyvilon
Fedhas
Gozag
Hepliaklqana
Kikubaaqudgha
Makhleb
Nemelex Xobeh
Okawaru
Qazlal
Ru
Sif Muna
Trog
Uskayaw
Vehumet
Wu Jian
Xom
Yredelemnul
Zin
The Shining One
Jiyva

Shops:
D:2 (   D:9 (   Orc:2 (=[*   Vaults:2 *

Portals:
Trove: D:14 (give 7 scrolls of fear)

Annotations:
D:4 Dowan, Duvessa, Edmund
D:5 Blork the orc
D:10 exclusion: tengu warrior
D:11 3 runed translucent doors, exclusion: 3 doors, Taxman66's ghost, journeyman DrSh
D:12 Azrael
D:13 1 transporter
D:15 3 runed translucent doors, exclusion: 3 doors, Rupert; lyrin's ghost, adept MfIE
Lair:1 exclusion: rime drake
Lair:3 2 transporters, exclusion: ice statue, BarneyGumball's ghost, journeyman OpEE; Fannar; Nessos
Lair:4 exclusions: black mamba, ice statue and rime drake
Swamp:2 2 transporters, Dega's ghost, adept SpHu
Swamp:4 Roxanne
Spider:1 1 runed translucent door, exclusion: door, Leboarus's ghost, journeyman GrFi
Spider:2 2 runed translucent doors, exclusion: 2 doors, Dega's ghost, adept SpHu
Orc:2 Donald
Vaults:2 Frederick; Mennas; Xtahua
Vaults:3 Nikola


Innate Abilities, Weirdness & Mutations

You are an enormous anaconda.
You have a powerful constriction melee attack.
Your maximum health is increased.
Your armour is entirely melded.
You are incapable of wielding weapons or throwing items.
You cannot wear most types of armour.
You are amphibious.
You can wear up to eight rings at the same time.
((Your skin changes colour to match your surroundings (Stealth+).))
((Your rubbery body absorbs attacks. (AC +1, EV +1)))
((You are camouflaged when in or above water. (Stealth+)))
((You have tentacles for arms and can constrict up to eight enemies at once.))


Message History

Vehumet accepts your kill.
You feel your power returning.
The runic seals fade away.
You are engulfed in freezing vapours.
You resist.
The orc warlord hits you from afar with a +0 bardiche!
Casting: Stone Arrow (safe; 1% risk of failure)
Confirm with . or Enter, or press ? or * to list all spells.
Aiming: Stone Arrow (safe; 1% risk of failure)
Press: ? - help, Shift-Dir - straight line, f/p - orc warlord
Aim: an orc warlord, wielding a +0 bardiche and wearing a +1 plate armour of fire resistance (freezing vapour, moderately wounded, ally target, 87% to hit)
The stone arrow hits the orc warlord!
The orc warlord is moderately wounded.
You are engulfed in freezing vapours.
You resist. The ice encasing you melts away.
The orc warlord is engulfed in freezing vapours.
The orc warlord closely misses you.
Casting: Stone Arrow (safe; 1% risk of failure)
Confirm with . or Enter, or press ? or * to list all spells.
Aiming: Stone Arrow (safe; 1% risk of failure)
Press: ? - help, Shift-Dir - straight line, f/p - orc warlord
Aim: an orc warlord, wielding a +0 bardiche and wearing a +1 plate armour of fire resistance (freezing vapour, heavily wounded, ally target, 87% to hit)
The stone arrow hits the orc warlord.
The orc warlord is heavily wounded.
You are engulfed in freezing vapours.
You resist.
The orc warlord is engulfed in freezing vapours.
The orc warlord hits you from afar with a +0 bardiche!
Casting: Stone Arrow (safe; 1% risk of failure)
Confirm with . or Enter, or press ? or * to list all spells.
Aiming: Tukima's Dance (safe; 1% risk of failure)
Press: ? - help, Shift-Dir - straight line, f/p - orc warlord
Aim: an orc warlord, wielding a +0 bardiche and wearing a +1 plate armour of fire resistance (freezing vapour, heavily wounded, ally target, chance to affect: 37%)
The orc warlord easily resists.
You are engulfed in freezing vapours.
You resist.
* * * LOW HITPOINT WARNING * * *
The orc warlord hits you from afar with a +0 bardiche!!
* * * LOW HITPOINT WARNING * * *
You swap places.
The orc warlord is engulfed in freezing vapours.
The orc warlord attacks as it pursues you!
The orc warlord hits you from afar with a +0 bardiche!!
You die...

#. #+#+ #.. §°§ #..
§§## #.. §§# #########
#..###+##o# #.......#
#....#..§9#####.......#
#....+.##S#..##.......#
#....#.##.+..##.......#
#....#....#'###.......#
#....##+##....#.......#
#....##..#.##.#†......+
#....##..'.##.'.......#
#....#####...†#########
#....##########
#..........


You could see an orc warlord (ally target) and a friendly spellforged servitor
(summoned).

Vanquished Creatures
  Frances (Swamp:1)
  Gastronok (D:12)
  Aizul (Swamp:4)
  Kirke (Swamp:1)
  3 vault wardens
  2 formless jellyfish
  An orc warlord (Orc:2)
  A broodmother (Spider:2)
  3 ironbound preservers (Vaults:1)
  4 ironbound thunderhulks (Vaults:1)
  2 eleionomae
  3 spark wasps
  4 dire elephants (Vaults:2)
  6 bunyips
  An ettin (Vaults:1)
  Snorg (Lair:5)
  2 entropy weavers
  2 yaktaur captains
  12 hydras
  An ogre mage (D:15)
  2 radroaches
  3 jorogumos
  3 boulder beetles
  An ironbound frostheart (Vaults:1)
  10 alligators
  A catoblepas (Lair:3)
  6 death yaks
  2 centaur warriors
  A tengu warrior (D:15)
  8 two-headed ogres
  4 orc high priests (Orc:2)
  4 demonic crawlers
  Urug (Orc:2)
  Nergalle (D:11)
  2 skeletal warriors (D:15)
  6 pharaoh ants
  2 skysharks
  4 goliath frogs (Swamp:3)
  Lodul (D:12)
  2 spriggan druids
  Pikel (D:9)
  5 lindwurms
  4 deep trolls (Vaults:1)
  4 bog bodies
  4 ironbound convokers (Vaults:1)
  A golden dragon skeleton (D:15)
  7 orb spiders
  2 necromancers
  A phantasmal warrior (D:15)
  6 swamp dragons
  A deep elf pyromancer (D:12)
  5 wizards
  12 wolf spiders
  5 steelbarb worms
  4 orc sorcerers
  3 orc knights (Orc:2)
  A will-o-the-wisp (Swamp:3)
  6 ugly things
  3 cyclopes
  A frost giant zombie (D:15)
  2 manticores
  9 black mambas
  5 vault sentinels
  2 moths of wrath
  6 torpor snails
  A fire giant skeleton (D:15)
  An eye of devastation (Lair:5)
  A gargoyle (D:13)
  11 cane toads
  An unseen horror (D:10)
  12 komodo dragons
  A freezing wraith (D:14)
  A spriggan zombie (D:15)
  2 rime drakes
  A komodo dragon (shapeshifter) (D:15)
  10 yaktaurs
  2 tengu conjurers (D:15)
  6 tyrant leeches
  6 meliai
  6 trolls
  2 bloated husks
  Prince Ribbit (D:9)
  17 tarantellas
  7 dream sheep
  10 hornets
  3 polar bears
  10 blink frogs
  10 culicivoras
  23 jumping spiders
  A centaur simulacrum (D:14)
  11 slime creatures
  9 spriggans
  A vampire (D:11)
  29 yaks
  A shadow (D:12)
  5 basilisks
  A hog (Swamp:1)
  2 humans (Swamp:1)
  6 wyverns
  10 vampire mosquitoes
  3 fire elementals
  A golden eye (shapeshifter) (D:15)
  47 redbacks
  2 steam dragons
  10 swamp worms
  3 wargs
  A hell hound (D:11)
  13 water moccasins
  A floating eye (Lair:5)
  6 swamp drakes
  7 ice beasts
  23 orc warriors
  15 wolves
  4 centaurs
  16 ogres
  3 lemures (D:9)
  2 phantoms
  A kobold brigand (D:11)
  6 bullfrogs
  4 gnoll sergeants
  A scorpion (D:5)
  8 wights (D:8)
  7 killer bees (D:8)
  An electric eel (Lair:3)
  3 howler monkeys
  A crimson imp (D:4)
  15 orc priests
  2 gnoll boudas
  2 hounds
  4 jellies
  4 iguanas
  2 sleepcaps
  22 orc wizards
  15 adders
  34 gnolls
  2 shadow imps (D:7)
  3 white imps
  2 worms
  A dart slug (D:2)
  66 orcs
  7 bats
  2 endoplasms
  A giant cockroach (D:1)
  5 goblins
  4 hobgoblins
  4 quokkas
  3 ball pythons
  4 frilled lizards
  11 kobolds
  2 rats
843 creatures vanquished.

Vanquished Creatures (collateral kills)
  the Lernaean hydra (Swamp:4)
  2 vault wardens (Vaults:1)
  2 ironbound preservers
  An ironbound thunderhulk (Vaults:1)
  An eleionoma (Swamp:4)
  A dire elephant (Vaults:1)
  A spark wasp (Spider:4)
  4 bunyips (Swamp:4)
  An entropy weaver (Spider:4)
  2 yaktaur captains
  A jorogumo (Spider:4)
  9 hydras (Swamp:4)
  2 great orbs of eyes
  5 ironbound frosthearts
  A radroach (Spider:4)
  4 centaur warriors
  A demonic crawler (Spider:4)
  2 pharaoh ants (Spider:4)
  7 deep trolls
  A wizard (Vaults:1)
  2 steelbarb worms (Spider:4)
  6 swamp dragons (Swamp:4)
  2 lindwurms (Vaults:1)
  3 ugly things
  2 wolf spiders (Spider:4)
  3 vault sentinels (Vaults:1)
  2 yaktaurs (Vaults:1)
  A tyrant leech (Swamp:4)
  A tarantella (Spider:4)
  A jumping spider (Spider:4)
  3 culicivoras (Spider:4)
  4 slime creatures (Vaults:1)
  2 spriggans (Swamp:4)
  7 redbacks
  3 swamp worms (Swamp:4)
  3 swamp drakes (Swamp:4)
  A centaur (D:15)
95 creatures vanquished.

Vanquished Creatures (others)
  A slime creature (D:15)
  A dancing weapon (Vaults:2)
  A redback (Spider:2)
  3 humans (Swamp:1)
  6 foxfires (Swamp:3)
12 creatures vanquished.

Grand Total: 950 creatures vanquished

Notes
Turn   | Place    | Note
-------+----------+-------------------------------------------
     0 | D:1      | BarneyGumball the Octopode Earth Elementalist began the
                  | quest for the Orb.
     0 | D:1      | Reached XP level 1. HP: 11/11 MP: 3/3
   437 | D:2      | Found Ecugot's Antique Weapon Emporium.
   452 | D:2      | Reached skill level 1 in Conjurations
   452 | D:2      | Reached XP level 2. HP: 17/17 MP: 1/5
   773 | D:2      | Reached XP level 3. HP: 21/21 MP: 2/6
  1349 | D:3      | Reached skill level 2 in Conjurations
  1372 | D:3      | Reached XP level 4. HP: 27/27 MP: 2/7
  1376 | D:3      | Learned a level 3 spell: Stone Arrow
  1436 | D:3      | Learned a level 2 spell: Passwall
  1979 | D:4      | Noticed a phantom
  2133 | D:4      | Reached skill level 3 in Conjurations
  2133 | D:4      | Reached XP level 5. HP: 31/31 MP: 3/8
  2345 | D:4      | Noticed Edmund
  2872 | D:4      | Killed a phantom
  2873 | D:4      | Reached skill level 4 in Conjurations
  2873 | D:4      | Reached skill level 5 in Earth Magic
  2873 | D:4      | Reached XP level 6. HP: 36/36 MP: 2/9
  2965 | D:4      | Noticed Duvessa
  2965 | D:4      | Noticed Dowan
  3339 | D:5      | Entered Level 5 of the Dungeon
  3339 | D:5      | Noticed a steam dragon
  3556 | D:5      | Reached XP level 7. HP: 41/41 MP: 6/10
  3790 | D:5      | Noticed Blork the orc
  3820 | D:5      | Reached skill level 5 in Conjurations
  4111 | D:5      | Found a staircase to the Ecumenical Temple.
  4125 | D:5      | Reached skill level 1 in Fighting
  4230 | Temple   | Entered the Ecumenical Temple
  4269 | Temple   | Became a worshipper of Vehumet
  4540 | D:5      | Reached XP level 8. HP: 52/52 MP: 1/11
  5682 | D:6      | Identified the +0 robe of Apathy {Drain rF++}
  6183 | D:6      | Reached skill level 5 in Fighting
  6455 | D:7      | Reached skill level 6 in Conjurations
  6562 | D:7      | Noticed a wyvern
  7189 | D:7      | Found a glowing golden altar of the Shining One.
  7189 | D:7      | Found a hazy altar of Hepliaklqana.
  7394 | D:7      | Reached XP level 9. HP: 62/62 MP: 5/12
  7813 | D:8      | Reached skill level 7 in Conjurations
  8195 | D:8      | Reached * piety under Vehumet
  8195 | D:8      | Offered knowledge of Foxfire by Vehumet.
  8198 | D:8      | Reached skill level 8 in Conjurations
  8529 | D:8      | Noticed a two-headed ogre
  8536 | D:8      | Killed a two-headed ogre
  8537 | D:8      | Reached skill level 9 in Conjurations
  8774 | D:8      | Reached skill level 10 in Conjurations
  8963 | D:9      | Found Toymi's Hydra Hut.
  8967 | D:9      | Noticed a four-headed hydra
  8989 | D:9      | Noticed Prince Ribbit
  8996 | D:9      | Killed Prince Ribbit
  8997 | D:9      | Reached XP level 10. HP: 68/68 MP: 1/14
  9225 | D:9      | Noticed Pikel
 10028 | D:10     | Entered Level 10 of the Dungeon
 10180 | D:10     | Found a staircase to the Orcish Mines.
 10321 | D:9      | Killed Pikel
 10322 | D:9      | Reached skill level 5 in Spellcasting
 10925 | D:10     | Noticed a tengu warrior
 10988 | D:10     | Noticed a two-headed ogre
 10992 | D:10     | Killed a two-headed ogre
 11134 | D:8      | Offered knowledge of Poisonous Vapours by Vehumet.
 11375 | D:10     | Noticed a two-headed ogre
 11391 | D:10     | Killed a two-headed ogre
 11743 | D:10     | Reached ** piety under Vehumet
 12113 | D:11     | Found a runed translucent gate.
 12116 | D:11     | Found a runed translucent gate.
 12116 | D:11     | Found a runed translucent gate.
 12158 | D:11     | Reached skill level 1 in Shields
 12361 | D:11     | Noticed Taxman66's ghost (journeyman DrSh)
 12387 | D:11     | Reached XP level 11. HP: 74/74 MP: 18/23
 12419 | D:11     | Reached skill level 5 in Dodging
 12610 | D:11     | Noticed a death yak
 12772 | D:11     | Noticed a death yak
 12924 | D:11     | Noticed a death yak
 12924 | D:11     | Noticed a death yak
 12983 | D:11     | Noticed a death yak
 13107 | D:11     | Noticed a death yak
 13115 | D:11     | Noticed a death yak
 13132 | D:11     | Killed a death yak
 13238 | D:11     | Found a staircase to the Lair.
 13259 | D:11     | Killed a death yak
 13360 | D:10     | Killed a death yak
 13701 | Lair:1   | Entered Level 1 of the Lair of Beasts
 14619 | Lair:1   | Reached skill level 1 in Shapeshifting
 15231 | Lair:2   | Learned a level 4 spell: Iskenderun's Mystic Blast
 15231 | Lair:2   | Found a staircase to the Swamp.
 15352 | Lair:2   | Offered knowledge of Scorch by Vehumet.
 15353 | Lair:2   | Reached skill level 1 in Translocations
 15414 | Lair:2   | Identified the +8 chain mail "Lunill" {rC+ Dex+3 SInv}
 15437 | Lair:2   | Reached XP level 12. HP: 82/82 MP: 16/24
 15888 | Lair:2   | Found a hole to the Spider Nest.
 15910 | Lair:2   | Learned a level 3 spell: Hailstorm
 15914 | Lair:2   | Learned a level 3 spell: Tukima's Dance
 16070 | Lair:2   | You fall into a shaft and drop 1 floor!
 16070 | Lair:3   | Noticed a catoblepas
 16070 | Lair:3   | Noticed a five-headed hydra
 16070 | Lair:3   | Found a transporter.
 16082 | Lair:2   | Noticed a skyshark
 16090 | Lair:2   | Killed a skyshark
 16091 | Lair:2   | Reached skill level 1 in Hexes
 16251 | Lair:2   | Reached *** piety under Vehumet
 16640 | Lair:3   | Noticed Nessos
 16856 | Lair:3   | Killed a catoblepas
 16932 | Lair:3   | Noticed BarneyGumball's ghost (journeyman OpEE)
 16936 | Lair:3   | Found a transporter.
 17028 | Lair:3   | Reached skill level 11 in Conjurations
 17028 | Lair:3   | Reached skill level 5 in Shapeshifting
 17217 | Lair:3   | Offered knowledge of Ignite Poison by Vehumet.
 17399 | Lair:3   | Noticed a seven-headed hydra
 17481 | Lair:3   | Killed a five-headed hydra
 18255 | Lair:3   | Noticed a six-headed hydra
 18281 | Lair:3   | Killed a six-headed hydra
 18282 | Lair:3   | Reached skill level 12 in Conjurations
 18282 | Lair:3   | Reached XP level 13. HP: 9/88 MP: 10/25
 18663 | Lair:3   | Noticed Fannar
 19005 | Lair:4   | Found a gate leading to a gauntlet.
 19015 | Gauntlet | Entered a Gauntlet
 19015 | Gauntlet | Found a transporter.
 19015 | Gauntlet | Found a runed translucent door.
 19016 | Gauntlet | Found a runed translucent door.
 19022 | Gauntlet | Found a transporter.
 19025 | Gauntlet | Found a transporter.
 19026 | Gauntlet | Found a transporter.
 19034 | Gauntlet | Found a transporter.
 19037 | Gauntlet | Found a transporter.
 19038 | Gauntlet | Found a transporter.
 19042 | Gauntlet | Found a runed translucent door.
 19044 | Gauntlet | Found a runed translucent door.
 19046 | Gauntlet | Found a transporter.
 19049 | Gauntlet | Found a transporter.
 19050 | Gauntlet | Found a transporter.
 19058 | Gauntlet | Found a transporter.
 19061 | Gauntlet | Found a transporter.
 19062 | Gauntlet | Found a transporter.
 19066 | Gauntlet | Noticed an entropy weaver
 19071 | Gauntlet | Found a transporter.
 19178 | Lair:4   | Reached **** piety under Vehumet
 19574 | Lair:4   | Offered knowledge of Mephitic Cloud by Vehumet.
 19579 | Lair:4   | Learned a level 3 spell: Mephitic Cloud
 21067 | Lair:5   | Entered Level 5 of the Lair of Beasts
 21321 | Lair:5   | Reached skill level 13 in Conjurations
 21839 | D:12     | Noticed Lodul
 21855 | D:12     | Noticed Azrael
 21855 | D:12     | Noticed Nergalle
 22083 | D:12     | Killed Lodul
 23046 | D:11     | Killed Nergalle
 23265 | D:12     | Noticed Gastronok
 23279 | D:12     | Killed Gastronok
 23809 | D:13     | Found a gate to the Vaults.
 24426 | Lair:5   | Reached skill level 14 in Conjurations
 24494 | Lair:5   | Identified the +3 rapier of Irritation {freeze, Fly rC-
                  | Will+}
 24526 | Lair:4   | Reached XP level 14. HP: 94/94 MP: 11/26
 24922 | Lair:5   | Reached skill level 10 in Shapeshifting
 25002 | Lair:5   | Reached ***** piety under Vehumet
 25002 | Lair:5   | Offered knowledge of Flame Wave by Vehumet.
 25010 | Lair:5   | Noticed Snorg
 25236 | Lair:5   | Killed Snorg
 25436 | Lair:5   | Found a staircase to the Slime Pits.
 25437 | Lair:5   | Found a viscous altar of Jiyva.
 25634 | Lair:5   | Noticed a dire elephant
 25634 | Lair:5   | Noticed a dire elephant
 26055 | D:13     | Found a transporter.
 27289 | D:13     | Reached skill level 15 in Conjurations
 28060 | Orc:1    | Entered Level 1 of the Orcish Mines
 28750 | Orc:2    | Entered Level 2 of the Orcish Mines
 29219 | Orc:2    | Found a staircase to the Elven Halls.
 29355 | Orc:2    | Noticed Urug
 29364 | Orc:2    | Killed Urug
 29615 | Orc:2    | Noticed Donald
 29797 | Orc:2    | Noticed an orc warlord
 29996 | Orc:2    | Killed an orc warlord
 30837 | Orc:2    | Found Welaime's Antique Armour Emporium.
 30838 | Orc:2    | Found Zuiton's Antique Weapon Shoppe.
 30840 | Orc:2    | Found Nateqyiwu's General Store.
 30840 | Orc:2    | Found Aclol's Jewellery Emporium.
 30844 | Orc:2    | Bought a scroll of identify for 28 gold pieces
 30897 | Orc:2    | Bought a scroll of vulnerability for 56 gold pieces
 30906 | Orc:2    | Learned a level 5 spell: Yara's Violent Unravelling
 30926 | Orc:2    | Upgraded the game from 0.31-a0-835-g2a3a5bc to
                  | 0.31-a0-836-g3ceb0a6
 30926 | Orc:2    | Bought the amulet "Evviytzo" {Faith rC+ Str+4} for 936 gold
                  | pieces
 30926 | Orc:2    | Bought a ring of poison resistance for 300 gold pieces
 30926 | Orc:2    | Bought a ring of protection from cold for 375 gold pieces
 31209 | D:10     | Reached XP level 15. HP: 99/99 MP: 13/27
 31518 | D:13     | Offered knowledge of Starburst by Vehumet.
 31769 | D:14     | Reached skill level 5 in Transmutations
 32018 | D:14     | Found a portal to a secret trove of treasure.
 32446 | D:14     | Found a shimmering altar of Xom.
 32564 | D:15     | Entered Level 15 of the Dungeon
 32827 | D:15     | Found a staircase to the Depths.
 33466 | D:15     | Noticed Rupert
 33486 | D:15     | Found a runed translucent gate.
 33486 | D:15     | Found a runed translucent gate.
 33487 | D:15     | Found a runed translucent gate.
 33487 | D:15     | Found an opulent altar of Gozag.
 34556 | D:15     | Noticed lyrin's ghost (adept MfIE)
 35016 | Spider:1 | Entered Level 1 of the Spider Nest
 35376 | Spider:1 | Found a runed translucent door.
 35377 | Spider:1 | Found a shimmering altar of Xom.
 35377 | Spider:1 | Noticed Leboarus's ghost (journeyman GrFi)
 36182 | Spider:1 | Noticed an emperor scorpion
 37092 | Spider:1 | Reached skill level 16 in Conjurations
 38338 | Spider:2 | Offered knowledge of Arcjolt by Vehumet.
 38339 | Spider:2 | Reached skill level 10 in Spellcasting
 38783 | Spider:2 | Reached XP level 16. HP: 91/105 MP: 19/30
 38946 | Spider:2 | Found a large runed translucent door.
 38946 | Spider:2 | Found a large runed translucent door.
 38948 | Spider:2 | Noticed Dega's ghost (adept SpHu)
 41686 | Spider:3 | Offered knowledge of Freezing Cloud by Vehumet.
 41702 | Spider:3 | Learned a level 5 spell: Freezing Cloud
 42888 | Swamp:1  | Entered Level 1 of the Swamp
 43024 | Swamp:1  | Noticed Frances
 43057 | Swamp:1  | Killed Frances
 43062 | Swamp:1  | Reached skill level 1 in Air Magic
 43161 | Swamp:1  | Reached skill level 17 in Conjurations
 43294 | Swamp:1  | Noticed Kirke
 43303 | Swamp:1  | Killed Kirke
 43344 | Swamp:1  | Found a glowing silver altar of Zin.
 43406 | Swamp:1  | Noticed a tentacled monstrosity
 43622 | Swamp:1  | Learned a level 1 spell: Apportation
 44019 | Swamp:2  | Found a transporter.
 44026 | Swamp:2  | Noticed Dega's ghost (adept SpHu)
 44027 | Swamp:2  | Found a bloodstained altar of Trog.
 44027 | Swamp:2  | Found a transporter.
 44451 | Swamp:2  | Reached XP level 17. HP: 93/109 MP: 8/32
 45076 | Swamp:3  | Reached ****** piety under Vehumet
 45083 | Swamp:3  | Offered knowledge of Spellforged Servitor by Vehumet.
 45210 | Swamp:3  | Identified a scroll of acquirement
 45217 | Swamp:3  | Acquired a ring of protection from fire
 45241 | Swamp:3  | Learned a level 7 spell: Spellforged Servitor
 45522 | Swamp:3  | Learned a level 8 spell: Lehudib's Crystal Spear
 45639 | Swamp:3  | Reached skill level 1 in Summonings
 46103 | Orc:2    | Bought a ring of wizardry for 450 gold pieces
 46288 | Swamp:4  | Entered Level 4 of the Swamp
 46348 | Swamp:4  | Noticed Roxanne
 46520 | Swamp:4  | Noticed Aizul
 46526 | Swamp:4  | Killed Aizul
 46809 | Swamp:4  | Reached skill level 5 in Air Magic
 47493 | Swamp:4  | Noticed the 27-headed Lernaean hydra
 47498 | Swamp:4  | Killed the 27-headed Lernaean hydra
 48137 | Swamp:4  | Got a decaying rune of Zot
 48422 | Spider:4 | Entered Level 4 of the Spider Nest
 48445 | Spider:4 | Reached skill level 15 in Shapeshifting
 49405 | Spider:4 | Offered knowledge of Orb of Destruction by Vehumet.
 49669 | Spider:4 | Reached XP level 18. HP: 116/116 MP: 7/34
 50257 | Spider:4 | Reached skill level 18 in Conjurations
 50712 | Vaults:1 | Entered Level 1 of the Vaults
 50886 | Vaults:1 | Reached skill level 5 in Summonings
 51484 | Vaults:1 | Offered knowledge of Maxwell's Capacitive Coupling by
                  | Vehumet.
 53077 | Vaults:1 | Identified the +8 falchion "Meock" {pain, Fly Int+2}
 53258 | Vaults:2 | Found Asmeimur's General Store.
 53263 | Vaults:2 | Bought a potion of curing for 51 gold pieces
 53263 | Vaults:2 | Bought a scroll of fear for 68 gold pieces
 53263 | Vaults:2 | Bought a potion of haste for 170 gold pieces
 53263 | Vaults:2 | Bought a scroll of blinking for 127 gold pieces
 53403 | Vaults:2 | Noticed Xtahua
 54083 | Vaults:2 | Noticed Mennas
 54346 | Vaults:2 | Noticed Frederick
 54473 | Vaults:3 | Noticed Nikola
 54581 | Vaults:2 | Identified the +0 plate armour "Qam Woxt" {Int+7}
 54651 | Vaults:2 | Offered knowledge of Fire Storm by Vehumet.
 54651 | Vaults:2 | Offered knowledge of Shatter by Vehumet.
 54651 | Vaults:2 | Offered knowledge of Chain Lightning by Vehumet.
 54775 | Vaults:2 | Slain by an orc warlord

Illustrated notes

Levels and vault maps discovered:
D:1:      spicycebolla_arrival_clurvy, layout_rooms
D:2:      layout_rooms, serial_shops, shop
D:3:      layout_basic
D:4:      layout_layer_cave, minmay_fire_ice_demons, uniq_duvessa, uniq_edmund
D:5:      nicolae_BIG_FREAKIN_CUBE, layout_loops_cross,
          minmay_temple_entry_statues_fountains, uniq_blork_the_orc
D:6:      layout_basic
D:7:      layout_basic, gammafunk_temple_overflow_elements
D:8:      layout_loops_ring, chequers_serial_rivers_small_a
D:9:      layout_basic, doesnt_shop_hydraphobe, uniq_prince_ribbit1, uniq_pikel
D:10:     layout_layer_cave, orc_0_dummy
D:11:     layout_loops_cross, dpeg_lair_monsters, gammafunk_ghost_icy
D:12:     layout_basic, drop_trap, uniq_lodul, uniq_gastronok, uniq_azrael,
          uniq_nergalle
D:13:     layout_long_grid, david_vaults_2, nicolae_diode_basic
D:14:     layout_roguey, enter_trove_3, xom_teletrap_fun
D:15:     gammafunk_depths_entry_grave, layout_irregular_city,
          ebering_ghost_gozag, uniq_rupert
Temple:   mainiacjoe_temple_big_plus
Lair:1:   layout_chaotic_city
Lair:2:   layout_misc_corridors, minmay_swamp_entry_worms, spider_nest_entry_a,
          grunt_megastairs_4, serial_bayou_shore_a
Lair:3:   layout_chaotic_city, nzn_ghost_randoct, serial_forest,
          infiniplex_forest_lined_3_way, infiniplex_forest_lined_corner,
          infiniplex_forest_lined_room_2, infiniplex_forest_lined_room_2,
          infiniplex_forest_clump_cross, infiniplex_forest_straight_4,
          infiniplex_forest_lined_3_way, beast_lair_carwin_5,
          grunt_megastairs_1, infiniplex_staircase_pool, uniq_nessos,
          uniq_fannar
Lair:4:   minmay_lair_venomous_thicket, layout_gridlike, gauntlet_entry_generic,
          ice2_lemuel
Lair:5:   due_jungle_book, layout_regular_city, minmay_slime_entry_eyes,
          hangedman_lair_generics_rect, serial_bayou_shore_b,
          lemuel_fruit_fields, uniq_snorg
Swamp:1:  cheibrodos_swamp_monstrosity, layout_basic_swamp,
          lemuel_altar_in_water, uniq_frances, uniq_kirke
Swamp:2:  layout_basic_swamp, gammafunk_ghost_wrathful_warriors,
          evilmike_swamp_ruin_house_2, nicolae_swamp_alligator_family
Swamp:3:  layout_basic_swamp, nicolae_swamp_trees_clearing
Swamp:4:  swamp_old_school, layout_basic_swamp, swamp_pool1, uniq_roxanne,
          uniq_aizul
Spider:1: layout_chambers, ebering_ghost_xom, dreamdust_wasp_nest
Spider:2: layout_chambers, ebering_ghost_disaster_area, nicolae_orb_island
Spider:3: layout_chambers
Spider:4: guppyfry_spider_rune
Orc:1:    layout_caves
Orc:2:    st_orc_congregation, layout_caves, basic_altar, uniq_urug, uniq_donald
Vaults:1: nicolae_vaults_trapezoid_lopsided_3, vaults_dpeg_encased_lava,
          v_rooms_3, nicolae_vaults_wine_cellar, nicolae_vaults_apartment_2,
          v_misc_25, v_rooms_2, vaults_room_grunt_arrival_ludios, st_hourglassy,
          vaults_room_ringed_pool, nicolae_vaults_tetromino_T_2,
          layout_vaults_omnibox
Vaults:2: ontoclasm_vaults_bender, hangedman_vaults_impose,
          nicolae_vaults_little_squares_4, grunt_vaults_focal,
          nicolae_vaults_shelves_hall, nicolae_vaults_border_crossing,
          nicolae_vaults_little_squares_6, ontoclasm_vaults_ligature,
          vaults_room_door_hall, layout_vaults_omnigrid, serial_shops,
          nicolae_diamond_shop, uniq_frederick, uniq_xtahua, uniq_mennas
Vaults:3: grunt_vaults_hallway_long, nicolae_vaults_mitosis,
          vaults_room_corners, nicolae_vaults_bisected_slash,
          minmay_crypt_entry_nasty_monster, grunt_vaults_swirl,
          nicolae_vaults_double_plus_2, ontoclasm_vaults_claustrophobia,
          vaults_dpeg_ring, nicolae_vaults_tetromino_T_1, ontoclasm_vaults_chip,
          layout_vaults_omnicross, uniq_mara, uniq_nikola

Skill      XL: |  1  2  3  4  5  6  7  8  9 10 11 12 13 14 15 16 17 18 |
---------------+-------------------------------------------------------+-----
Conjurations   | 1 2 3 4 5 6 10 12 14 15 16 17 18 | 18.7
Earth Magic    | 4 5 6 |  6.0
Fighting       | 3 5 6 8 |  8.0
Dodging        | 3 4 8 |  8.0
Stealth        | 4 |  4.0
Spellcasting   | 3 8 10 11 12 13 | 13.5
Shields        | 1 4 |  4.0
Shapeshifting  | 3 6 9 11 13 14 15 | 15.8
Translocations | 1 4 |  4.0
Hexes          | 2 4 |  4.0
Transmutations | 4 5 |  5.0
Air Magic      | 3 6 8 |  8.7
Summonings     | 4 5 |  5.0

Action                     |  1- 3 |  4- 6 |  7- 9 | 10-12 | 13-15 | 16-18 || total
---------------------------+-------+-------+-------+-------+-------+-------++-------
  Melee: Mace              |     2 |       |       |       |       |       ||     2
         Constrict         |     1 |     2 |     8 |     7 |    32 |    70 ||   120
         Tentacles         |     1 |       |     6 |    10 |    23 |       ||    40
         Dagger            |       |     2 |    30 |     7 |       |       ||    39
         Punch             |       |       |     1 |       |     2 |       ||     3
         Short sword       |       |       |       |    23 |    57 |       ||    80
         Unarmed           |       |       |       |       |    80 |   177 ||   257
   Cast: Sandblast         |    41 |    50 |    34 |    41 |    58 |     1 ||   225
         Stone Arrow       |       |    13 |    79 |   268 |   675 |   349 ||  1384
         Iskenderun's Myst |       |       |       |     5 |   117 |    21 ||   143
         Hailstorm         |       |       |       |     1 |     1 |       ||     2
         Mephitic Cloud    |       |       |       |       |    13 |     6 ||    19
         Tukima's Dance    |       |       |       |       |     5 |     5 ||    10
         Yara's Violent Un |       |       |       |       |     1 |     5 ||     6
         Freezing Cloud    |       |       |       |       |       |   173 ||   173
         Spellforged Servi |       |       |       |       |       |    62 ||    62
         Lehudib's Crystal |       |       |       |       |       |     2 ||     2
  Evoke: Wand              |       |       |     2 |     2 |     2 |       ||     6
         Lightning rod     |       |       |       |       |       |     4 ||     4
    Use: Scroll            |       |       |    12 |     5 |    24 |    19 ||    60
         Potion            |       |       |     2 |     2 |     4 |     5 ||    13
   Stab: Confused          |       |       |       |       |       |     1 ||     1
 Armour: Skin              |     1 |     8 |    28 |    76 |   274 |   338 ||   725
  Dodge: Dodged            |    12 |    20 |    48 |   133 |   368 |   299 ||   880
   Form: Anaconda          |       |       |       |       |     2 |       ||     2
                           |       |       |       |       |     1 |       ||     1

Table legend: (Time is in decaauts)
 A = Elapsed time spent in this place.
 B = Non-inter-level travel time spent in this place.
 C = Inter-level travel time spent in this place.
 D = Time resting spent in this place.
 E = Time spent auto-exploring this place.
 F = Levels seen in this place.
 G = Mean time per level.
                   A        B        C        D        E       F      G
               +--------+--------+--------+--------+--------+-----+--------+
         Total |  54984 |  49935 |   5049 |  21137 |  16358 |  35 | 1571.0 |
       Dungeon |  22043 |  19875 |   2168 |   6377 |   8363 |  15 | 1469.5 |
        Temple |     77 |      1 |     76 |      0 |      0 |   1 |   77.0 |
          Lair |  10557 |   9355 |   1202 |   4404 |   2633 |   5 | 2111.4 |
         Swamp |   5183 |   4869 |    314 |   1978 |   1895 |   4 | 1295.8 |
   Spider Nest |   9950 |   9050 |    900 |   5405 |   1149 |   4 | 2487.5 |
  Orcish Mines |   3028 |   2724 |    304 |   1217 |    710 |   2 | 1514.0 |
        Vaults |   4064 |   3981 |     83 |   1756 |   1608 |   3 | 1354.7 |
      Gauntlet |     78 |     78 |      0 |      0 |      0 |   1 |   78.0 |
               +--------+--------+--------+--------+--------+-----+--------+

Top non-repeatable levels by time:
Spider:3: 3816 daAuts
Spider:1: 3162 daAuts
  Lair:4: 2609 daAuts
    D:11: 2533 daAuts
Vaults:1: 2511 daAuts
Spider:2: 2447 daAuts
  Lair:3: 2378 daAuts
  Lair:2: 2303 daAuts
    D:13: 2143 daAuts
    D:10: 2071 daAuts
     D:9: 1802 daAuts
    D:15: 1787 daAuts
 Swamp:4: 1754 daAuts
  Lair:5: 1658 daAuts
     D:4: 1626 daAuts
